 Dungeon Crawl Stone Soup version 0.25-a0-737-g26c3a87c45 (webtiles) character file.

Game seed: 14489240002171309103, levelgen mode: deterministic

33044 15rune the Slicer (level 13, 0/42 HPs)
             Began as a Spriggan Enchanter on Apr 11, 2020.
             Was the Champion of Hepliaklqana.
             Slain by a green ugly thing (4 damage)
             ... on level 3 of the Abyss on Apr 12, 2020.
             The game lasted 01:55:59 (25610 turns).

15rune the Slicer (Spriggan Enchanter)             Turns: 25610, Time: 01:55:59

Health: 0/42       AC:  8    Str:  2      XL:     13   Next: 34%
Magic:  0/26       EV: 17    Int: 20      God:    Hepliaklqana [******]
Gold:   696        SH:  7    Dex: 13 (14) Spells: 5/29 levels left

rFire    . . .     SeeInvis +   T - +6 dagger (freeze)
rCold    . . .     Gourm    .   r - +0 buckler
rNeg     . . .     Faith    .   Q - +0 troll leather armour
rPois    .         Spirit   +   (helmet restricted)
rElec    .         Reflect  .   v - scarf {Spirit}
rCorr    .         Harm     .   (gloves unavailable)
MR       ++...     Rnd*Tele +   (boots unavailable)
Stlth    ++++......             (no amulet)
HPRegen  0.00/turn              S - ring of flight
MPRegen  0.20/turn              W - +4 ring of protection

@: lethally poisoned (0 -> -10), about to teleport, very slightly contaminated,
very quick
A: very small, unfitting armour, reduced essence, see invisible, [clumsy 2],
herbivore, speed 3, [frail 2], [inhibited regeneration], slow metabolism 2,
[teleportitis 2], weak 1, [subdued magic 2]
a: Recall Ancestor, Ancestor Identity, Transference, Idealise, Renounce
Religion, Evoke Flight


You were on level 3 of the Abyss.
You worshipped Hepliaklqana.
Hepliaklqana was exalted by your worship.
You were hungry.

You visited 2 branches of the dungeon, and saw 15 of its levels.
You visited the Abyss 1 time.
You also visited: Ossuary.

You collected 1189 gold pieces.
You spent 493 gold pieces at shops.

Inventory:

Hand Weapons
 T - a +6 dagger of freezing (weapon)
 U - a +2 dagger of venom
Missiles
 l - 9 boomerangs (quivered)
 A - 39 poisoned darts
 O - a throwing net
Armour
 r - a +0 buckler (worn)
 v - a scarf of spirit shield (worn)
 K - +0 ice dragon scales
 Q - a +0 troll leather armour (worn)
Jewellery
 s - a +4 ring of dexterity
 C - a +2 ring of slaying
 F - an uncursed ring of resist corrosion
 L - an uncursed ring of fire
 S - a ring of flight (left hand)
 W - a +4 ring of protection (right hand)
 Z - a +4 ring of intelligence {unknown}
Wands
 b - a wand of clouds (4)
 o - a wand of disintegration (8)
 q - a wand of iceblast (3)
 z - a wand of flame (46)
 B - a wand of paralysis (8)
 I - a wand of acid (5)
 P - a wand of enslavement (5)
 R - a wand of polymorph (8)
 X - a wand of random effects (11)
Scrolls
 c - 3 scrolls of immolation
 e - 2 scrolls of teleportation
 f - 5 scrolls of enchant weapon
 g - a scroll of blinking {unknown}
 k - 2 scrolls of fear
 t - 7 scrolls of amnesia
 y - 11 scrolls of remove curse
 D - 4 scrolls of enchant armour
 E - 4 scrolls of identify
 H - 2 scrolls of magic mapping
 N - 4 scrolls of fog
 V - a scroll of torment {unknown}
Potions
 a - a potion of magic
 h - a potion of cancellation {unknown}
 i - 5 potions of brilliance
 m - 2 potions of mutation
 n - a potion of resistance {unknown}
 p - 5 potions of lignification
 u - 5 potions of might
 w - 3 potions of berserk rage
 x - 4 potions of curing
 G - 2 potions of haste
 J - 2 potions of flight
 M - 2 potions of stabbing
 Y - 2 potions of ambrosia
Comestibles
 d - 13 rations


   Skills:
 - Level 3.0 Fighting
 - Level 12.0 Short Blades
 - Level 6.0 Throwing
 - Level 5.0 Armour
 - Level 5.2 Dodging
 - Level 8.3 Stealth
 - Level 7.2 Shields
 + Level 8.6 Spellcasting
 - Level 2.0 Conjurations
 * Level 9.4 Hexes
 - Level 4.0 Translocations
 - Level 8.0 Transmutations
 - Level 2.0 Ice Magic
 - Level 4.0 Earth Magic
 - Level 3.0 Invocations
 - Level 4.0 Evocations


You had 5 spell levels left.
You knew the following spells:

 Your Spells              Type           Power        Failure   Level  Hunger
a - Corona                Hex            ####...      1%          1    None
b - Ensorcelled Hibernat  Hex/Ice        ###...       1%          2    None
c - Confusing Touch       Hex            ####....     1%          3    None
d - Tukima's Dance        Hex            ####....     1%          3    None
e - Dazzling Flash        Conj/Hex       ###...       2%          3    None
f - Apportation           Tloc           ###...       1%          1    None
g - Petrify               Tmut/Erth      ###.....     10%         4    ###....
h - Leda's Liquefaction   Hex/Erth       ###.......   7%          4    ###....
i - Spectral Weapon       Hex/Chrm       ###.....     4%          3    None

Your spell library contained the following spells:

 Spells                   Type           Power        Failure   Level  Hunger
 Beastly Appendage        Tmut           ####..       1%          1    None
 Slow                     Hex            ####....     1%          2    None
 Sticks to Snakes         Tmut           ####....     1%          2    None
 Portal Projectile        Hex/Tloc       ###...       1%          3    None
 Cause Fear               Hex            ####......   1%          4    ###....
 Inner Flame              Hex/Fire       ###.....     4%          3    None
 Gell's Gravitas          Tloc           ###.......   6%          3    None
 Lesser Beckoning         Tloc           ###.......   6%          3    None
 Spider Form              Tmut/Pois      ###.......   6%          3    None
 Shroud of Golubria       Chrm/Tloc      ##....       7%          2    None
 Yara's Violent Unravell  Hex/Tmut       ####......   9%          5    #####..
 Animate Skeleton         Necr           N/A          12%         1    None
 Infusion                 Chrm           #...         12%         1    None
 Summon Butterflies       Summ           #.......     12%         1    None
 Summon Small Mammal      Summ           #...         12%         1    None
 Blade Hands              Tmut           ####......   12%         5    #####..
 Ice Form                 Ice/Tmut       ###.....     14%         4    ###....
 Song of Slaying          Chrm           #.......     19%         2    None
 Ozocubu's Armour         Chrm/Ice       #.......     24%         3    None
 Metabolic Englaciation   Hex/Ice        ###.......   32%         5    #####..
 Alistair's Intoxication  Tmut/Pois      ###.....     56%         5    #####..
 Invisibility             Hex            ####....     36%         6    ######.


Dungeon Overview and Level Annotations

Branches:
Dungeon (11/15)            Temple (0/1) D:6            Lair (4/6) D:8
 Shoals (0/4) Lair:2       Spider (0/4) Lair:2          Orc (0/2) D:9
Ossuary (visited)

Altars:
Cheibriados
Elyvilon
Fedhas
Hepliaklqana
Okawaru
Ru
Sif Muna
Trog
Xom
Yredelemnul
Zin
The Shining One

Shops:
D:4 }   D:6 ??*[:   D:9 (   D:11 =

Portals:
Abyss: Lair:4

Annotations:
Lair:2 1 runed translucent door, exclusion: door, paps's ghost, journeyman OpFi
Lair:4 1 transporter, Cuollip's ghost, journeyman VSTm


Innate Abilities, Weirdness & Mutations

You are very small and have problems with some larger weapons.
You are too small for most types of armour.
You have supernaturally acute eyesight. (SInv)
You are a herbivore.
You cover ground extremely quickly.
You need to consume almost no food.
Your life essence is reduced to manifest your ancestor. (-10% HP)
You are weak. (Str -2)
[You are very clumsy. (Dex -4)]
[You are very frail. (-20% HP)]
[You do not regenerate when monsters are visible.]
[You are sometimes teleported next to monsters.]
[Your spells are easier to cast, but less powerful.]


Message History

The goblin changes into an ooze!
A hornet comes into view.
You block the worker ant's attack.
Bibbalina hits the gnoll with a +0 flail!
The worker ant barely misses you. The worker ant misses you.
The worker ant closely misses you. The green ugly thing misses you.
The gnoll hits Bibbalina.
A gnoll comes into view. It is wielding a +0 short sword.
Unknown command.
Unknown command.
* * * LOW HITPOINT WARNING * * *
You feel sick.
The bat changes into an adder!
The gnoll changes into a bat!
The bat changes into a quokka!
The leopard gecko changes into a goblin!
The killer bee closely misses you.
Bibbalina misses the bat.
A worker ant comes into view.
The worker ant barely misses you.
The worker ant bites you but does no damage.
The worker ant misses you. The green ugly thing tail-slaps you!
You die... a## ya a. . a# .# aa#..# ###ay#§.# #aaay#

#@aa#
#suSy≈≈#
#.gSb≈R#
#.#l4.#b#
#.#r4.g##
#+###sl4.#
Js..#
...#.


You could see the friendly Bibbalina the knight, a green ugly thing, a demonic
crawler, 2 hornets, 3 chaos spawn, a vampire mosquito, a fire bat shaped
shifter, a scorpion, a scorpion shaped shifter, an iguana shaped shifter, 12
worker ants, a killer bee shaped shifter, a gnoll shaped shifter, an ooze shaped
shifter, 2 adder shaped shifters, a quokka shaped shifter, a goblin shaped
shifter, a bat shaped shifter and a frilled lizard shaped shifter.

Vanquished Creatures
  Harold (D:9)
  An ice dragon (Lair:3)
  A hydra (Lair:2)
  Fannar (Lair:2)
  A two-headed ogre (D:11)
  The ghost of anything the Cleaver, a novice FoAK of Lugonu (D:6)
  Pikel (D:5)
  An unseen horror (D:10)
  A deep elf mage (D:11)
  An ugly thing (D:11)
  3 elephants (Lair:4)
  A manticore (D:11)
  A black mamba (Lair:1)
  An ice statue (Lair:3)
  A centaur skeleton (D:11)
  A rime drake (Lair:3)
  6 spiny frogs
  4 komodo dragons
  2 kobold demonologists (D:11)
  2 trolls (D:9)
  A polar bear (Lair:3)
  An ancient zyme (Abyss:1)
  A hornet (D:9)
  4 blink frogs (Lair:4)
  Prince Ribbit (D:5)
  A snapping turtle (Lair:2)
  A hippogriff (Lair:1)
  11 yaks
  4 flying skulls (Abyss:3)
  3 wyverns
  A vampire (D:10)
  4 basilisks
  Menkaure (D:6)
  A soldier ant (D:9)
  A warg (D:9)
  3 water moccasins
  Duvessa (D:5)
  2 small abominations (Abyss:1)
  7 porcupines
  5 orc warriors
  4 ice beasts
  A phantom (D:6)
  3 black bears
  3 ogres
  2 eyes of draining
  2 wolves (Lair:2)
  8 centaurs
  6 crocodiles
  8 big kobolds
  An elf zombie (Ossuary)
  12 bullfrogs
  Dowan (D:5)
  3 scorpions
  11 killer bees
  3 howler monkeys
  2 bullfrog zombies
  3 crimson imps
  An iron imp (D:9)
  2 jellies
  4 hounds
  2 centaur zombies
  2 human zombies (Ossuary)
  6 orc priests
  2 bullfrog skeletons
  A gnoll shaman (D:6)
  4 orc wizards
  2 iguanas
  Ijyb (D:5)
  9 worker ants
  A big kobold zombie (Ossuary)
  3 worker ant zombies
  2 howler monkey skeletons
  8 adders
  3 gnolls (D:6)
  3 shadow imps
  2 white imps (Lair:3)
  An ufetubus (Abyss:1)
  An ooze (D:6)
  An adder zombie (D:3)
  2 adder skeletons
  3 worms
  A dart slug (D:2)
  5 leopard geckos
  23 orcs
  7 giant cockroaches
  12 hobgoblins
  19 jackals
  2 quokkas
  2 ball pythons
  10 bats
  4 frilled lizards
  8 goblins
  5 hobgoblin zombies (Ossuary)
  2 jackal skeletons
  14 kobolds
  3 kobold zombies (Ossuary)
  A leopard gecko skeleton (D:7)
  11 orc zombies (Ossuary)
  A quokka skeleton (D:6)
  8 rats
  2 rat zombies (Ossuary)
365 creatures vanquished.

Vanquished Creatures (collateral kills)
  A two-headed ogre (D:9)
  2 elephants (Lair:4)
  3 spiny frogs
  2 kobold demonologists (D:11)
  A polar bear (Lair:3)
  4 blink frogs (Lair:4)
  2 hippogriffs
  4 yaks
  A hungry ghost (D:9)
  Edmund (D:5)
  A water moccasin (Lair:3)
  A black bear (Lair:3)
  2 porcupines (Lair:1)
  4 ice beasts (Lair:3)
  3 orc warriors
  A phantom (D:11)
  2 ogres
  A wolf (Lair:2)
  A centaur (D:8)
  4 crocodiles
  An elf zombie (Ossuary)
  2 big kobolds (D:11)
  A wyvern zombie (D:10)
  A scorpion (Lair:2)
  16 wights
  2 howler monkeys
  A centaur zombie (Ossuary)
  A quasit (D:11)
  A bullfrog skeleton (D:11)
  A hound (D:6)
  A jelly (D:11)
  5 orc wizards
  A worker ant (Lair:2)
  A hound skeleton (D:10)
  2 mummies (Ossuary)
  A gnoll (D:6)
  2 adders
  A white imp (Lair:3)
  An ufetubus (Abyss:1)
  A worm (Lair:2)
  A dart slug (D:5)
  15 orcs
  2 hobgoblins (D:9)
  2 hobgoblin zombies (Ossuary)
  A jackal zombie (Ossuary)
  7 kobolds
  2 kobold zombies (Ossuary)
  3 orc zombies (Ossuary)
  A spectral orc (D:7)
118 creatures vanquished.

Vanquished Creatures (others)
  5 dancing weapons
  A scorpion (D:5)
  12 knights
  6 ancestors
  A white imp (Abyss:1)
  An ufetubus (Abyss:3)
  A quokka zombie (D:5)
  A rat zombie (D:5)
  A fungus (Lair:4)
  A lurking horror (Abyss:3)
  A plant (D:8)
  3 starspawn tentacles (Abyss:3)
34 creatures vanquished.

Grand Total: 517 creatures vanquished

Notes
Turn   | Place    | Note
-------+----------+-------------------------------------------
     0 | D:1      | 15rune the Spriggan Enchanter began the quest for the Orb.
     0 | D:1      | Reached XP level 1. HP: 9/9 MP: 5/5
   244 | D:1      | Found an iron altar of Okawaru.
   377 | D:1      | Reached XP level 2. HP: 6/13 MP: 6/6
  1128 | D:1      | Learned a level 2 spell: Ensorcelled Hibernation
  2269 | D:2      | Found a shimmering blue altar of Sif Muna.
  2317 | D:2      | Reached XP level 3. HP: 16/16 MP: 6/8
  2335 | D:2      | Learned a level 3 spell: Confusing Touch
  2491 | D:2      | Reached skill level 5 in Stealth
  2710 | D:2      | Reached skill level 2 in Short Blades
  3375 | D:3      | Reached XP level 4. HP: 21/21 MP: 2/10
  3484 | D:3      | Learned a level 3 spell: Tukima's Dance
  3741 | D:3      | Noticed an ogre
  3779 | D:3      | Killed an ogre
  3779 | D:3      | Reached XP level 5. HP: 9/24 MP: 4/11
  4378 | D:4      | Reached skill level 3 in Short Blades
  4441 | D:4      | Found Kaosmula's Gadget Shoppe.
  4606 | D:4      | Bought a wand of iceblast (7) for 121 gold pieces
  4651 | D:4      | Found a white marble altar of Elyvilon.
  4737 | D:4      | Noticed an orc warrior
  4739 | D:4      | Reached XP level 6. HP: 28/28 MP: 6/13
  4992 | D:4      | Killed an orc warrior
  4992 | D:4      | Reached skill level 5 in Dodging
  4992 | D:4      | Reached skill level 5 in Hexes
  5190 | D:4      | Learned a level 3 spell: Dazzling Flash
  5221 | D:4      | Found a bloodstained altar of Trog.
  5710 | D:3      | Found a blossoming altar of Fedhas.
  5821 | D:3      | Found a hazy altar of Hepliaklqana.
  5825 | D:3      | Found a sacrificial altar of Ru.
  5896 | D:3      | Became a worshipper of Hepliaklqana the Forgotten
  5990 | D:3      | Reached XP level 7. HP: 22/28 MP: 6/15
  6326 | D:3      | Reached skill level 4 in Short Blades
  6326 | D:3      | Reached skill level 1 in Shields
  6326 | D:3      | Reached skill level 5 in Spellcasting
  6920 | D:5      | Entered Level 5 of the Dungeon
  6920 | D:5      | Noticed Duvessa
  6927 | D:5      | Noticed a wyvern
  6927 | D:5      | Noticed Prince Ribbit
  6936 | D:5      | Killed a wyvern
  6936 | D:5      | Killed Prince Ribbit
  6936 | D:5      | Reached XP level 8. HP: 19/32 MP: 7/17
  6942 | D:5      | Noticed Edmund
  6962 | D:5      | Noticed Pikel
  7022 | D:5      | Found a sand-covered staircase.
  7037 | D:5      | Killed Pikel
  7037 | D:5      | Reached skill level 5 in Short Blades
  7060 | Ossuary  | Entered an ossuary
  7495 | Ossuary  | Reached skill level 6 in Short Blades
  7906 | D:5      | Killed Edmund
  7906 | D:5      | Reached XP level 9. HP: 14/35 MP: 3/20
  8238 | D:5      | Noticed Ijyb
  8244 | D:5      | Paralysed by Ijyb for 2 turns
  8248 | D:5      | Killed Ijyb
  8285 | D:5      | Noticed Dowan
  8301 | D:5      | Killed Dowan
  8336 | D:5      | Killed Duvessa
  8336 | D:5      | Reached skill level 7 in Short Blades
  8386 | D:5      | Found a snail-covered altar of Cheibriados.
  8905 | D:6      | Found Pieraunk's Magic Scroll Boutique.
  8910 | D:6      | Bought a scroll of identify for 28 gold pieces
  8910 | D:6      | Bought a scroll of identify for 28 gold pieces
  8910 | D:6      | Bought a scroll of identify for 28 gold pieces
  8910 | D:6      | Bought a scroll of identify for 28 gold pieces
  8911 | D:6      | Upgraded the game from 0.25-a0-734-g73332aeda9 to
                  | 0.25-a0-737-g26c3a87c45
  8957 | D:6      | Reached * piety under Hepliaklqana
  9221 | D:6      | Found Xoer's Magic Scroll Boutique.
  9318 | D:6      | Found a transporter.
  9331 | D:6      | Found a transporter.
  9333 | D:6      | Noticed anything's ghost (novice FoAK)
  9362 | D:6      | Noticed Menkaure
  9397 | D:6      | Reached skill level 8 in Short Blades
  9648 | D:6      | Reached skill level 5 in Shields
  9706 | D:6      | Found Natour's General Store.
  9708 | D:6      | Found Ekoako Bafe's Armour Shoppe.
  9749 | D:6      | Killed Menkaure
 10372 | D:6      | Killed anything's ghost
 10372 | D:6      | Reached skill level 9 in Short Blades
 10760 | D:6      | Found Sutue's Book Shop.
 10817 | D:6      | Found a staircase to the Ecumenical Temple.
 10863 | D:6      | Reached ** piety under Hepliaklqana
 10865 | D:6      | Remembered your ancestor Bibbalina as a knight
 11143 | D:7      | Reached XP level 10. HP: 39/39 MP: 16/21
 11497 | D:7      | Found a basalt altar of Yredelemnul.
 11626 | D:7      | Found a glowing silver altar of Zin.
 12180 | D:8      | Found a staircase to the Lair.
 12262 | D:8      | Reached skill level 10 in Short Blades
 12392 | Lair:1   | Entered Level 1 of the Lair of Beasts
 12392 | Lair:1   | Noticed a spiny frog
 12733 | D:8      | Reached *** piety under Hepliaklqana
 13534 | D:9      | Reached skill level 1 in Ice Magic
 13559 | D:9      | Found Duithrinn's Antique Weapon Boutique.
 13570 | D:9      | Noticed a two-headed ogre
 13636 | D:9      | Killed a two-headed ogre
 13636 | D:9      | Reached skill level 1 in Conjurations
 13728 | D:9      | Reached skill level 1 in Throwing
 13973 | D:9      | Found a staircase to the Orcish Mines.
 14715 | D:9      | Reached XP level 11. HP: 42/42 MP: 22/22
 14778 | D:9      | Reached skill level 11 in Short Blades
 15183 | D:9      | Noticed Harold
 15372 | D:9      | Killed Harold
 15716 | D:9      | Found a glowing golden altar of the Shining One.
 15854 | D:9      | Reached **** piety under Hepliaklqana
 15902 | D:9      | Found a snail-covered altar of Cheibriados.
 16049 | D:10     | Entered Level 10 of the Dungeon
 16125 | D:10     | Noticed an unseen horror
 16137 | D:10     | Killed an unseen horror
 16138 | D:10     | Reached skill level 1 in Invocations
 16824 | D:10     | Learned a level 1 spell: Apportation
 16873 | D:9      | Reached skill level 12 in Short Blades
 17373 | D:11     | Noticed a cyan ugly thing
 17378 | D:11     | Killed a cyan ugly thing
 17378 | D:11     | Reached skill level 1 in Translocations
 17500 | D:11     | Reached skill level 1 in Armour
 17511 | D:11     | Reached ***** piety under Hepliaklqana
 17513 | D:11     | Noticed a soul eater
 17643 | D:11     | Noticed a two-headed ogre
 17745 | D:6      | Bought a book of Misfortune for 260 gold pieces
 17750 | D:6      | Learned a level 4 spell: Petrify
 18065 | D:11     | Reached skill level 1 in Transmutations
 18379 | D:11     | Reached skill level 5 in Throwing
 18524 | D:11     | Killed a two-headed ogre
 19204 | D:11     | Noticed a deep elf mage
 19212 | D:11     | Killed a deep elf mage
 19212 | D:11     | Reached XP level 12. HP: 45/45 MP: 20/23
 19469 | D:11     | Found Moguakhle's Jewellery Boutique.
 20182 | Lair:1   | Reached skill level 5 in Transmutations
 20684 | Lair:1   | Reached skill level 1 in Earth Magic
 21339 | Lair:2   | Found a staircase to the Shoals.
 21485 | Lair:2   | Noticed a four-headed hydra
 21499 | Lair:2   | Killed a four-headed hydra
 21548 | Lair:2   | Found a runed translucent door.
 21751 | Lair:2   | Noticed Fannar
 21758 | Lair:2   | Killed Fannar
 21758 | Lair:2   | Reached skill level 1 in Fighting
 21758 | Lair:2   | Reached skill level 1 in Evocations
 22058 | Lair:2   | Found a hole to the Spider Nest.
 22252 | Lair:2   | Found a shimmering altar of Xom.
 22252 | Lair:2   | Noticed paps's ghost (journeyman OpFi)
 22526 | Lair:3   | Learned a level 4 spell: Leda's Liquefaction
 22530 | Lair:3   | Learned a level 3 spell: Spectral Weapon
 22672 | Lair:3   | Noticed an ice dragon
 22845 | Lair:3   | Killed an ice dragon
 23191 | Lair:3   | Reached XP level 13. HP: 38/53 MP: 15/25
 23746 | Lair:4   | Reached ****** piety under Hepliaklqana
 24392 | Lair:4   | Reached skill level 5 in Armour
 24620 | Lair:4   | Noticed Cuollip's ghost (journeyman VSTm)
 24626 | Lair:4   | Found a transporter.
 24642 | Lair:4   | Found a transporter.
 24771 | Lair:4   | Found a one-way gate to the infinite horrors of the Abyss.
 24782 | Lair:4   | Voluntarily entered the Abyss.
 24786 | Abyss:1  | Found a corrupted altar of Lugonu.
 24872 | Abyss:1  | Found a corrupted altar of Lugonu.
 24893 | Abyss:1  | Found a corrupted altar of Lugonu.
 24934 | Abyss:1  | Noticed a bone dragon
 24988 | Abyss:1  | Noticed a starcursed mass
 25093 | Abyss:1  | Noticed a starcursed mass
 25202 | Abyss:1  | Noticed a tentacled starspawn
 25256 | Abyss:2  | HP: 2/54 [spatial maelstrom (13)]
 25540 | Abyss:3  | Noticed a tentacled starspawn
 25556 | Abyss:3  | Gained mutation: You are weak. (Str -2) [a neqoxec]
 25561 | Abyss:3  | Noticed a starcursed mass
 25565 | Abyss:3  | Noticed a tentacled starspawn
 25610 | Abyss:3  | Slain by a green ugly thing

Levels and vault maps discovered:
D:1:      dpeg_arrival_subterranean_lakeside_camping, layout_basic,
          okawaru_ov_weapons_minmay
D:2:      layout_basic, lemuel_blue_sif_altar, chequers_serial_rivers_micro_c
D:3:      layout_loops_ring, minmay_overflow_temple_star_quad,
          kennysheep_small_spiral
D:4:      layout_loops_ring, old_standard_altar, bloody_trog, serial_shops,
          shop_fountains, first_ration
D:5:      layout_rooms, kennysheep_slug_shrine, enter_ossuary_4, uniq_edmund,
          uniq_duvessa, uniq_ijyb, uniq_prince_ribbit1, uniq_pikel
D:6:      layout_basic, minmay_temple_entry_enclosed_plants, serial_shops,
          nicolae_shop_waterfront, shop, shop, kennysheep_mini, shop,
          gammafunk_ghost_arena, uniq_menkaure
D:7:      layout_loops_ring, yredelemnul_forgotten_temple_becter, zin_treasury
D:8:      layout_layer_cave, david_lair_shrubbed
D:9:      layout_irregular_city, marbit_many_paths, erik_orc_3, serial_shops,
          shop, hangedman_pestilent_swarm, chei_slow_surprise, uniq_harold
D:10:     layout_layer_cave
D:11:     layout_layer_cave, serial_shops, shop, special_room
          [special_room_kobold], nicolae_wwwww, nrook_mini_vaults,
          hangedman_decor_peaks_small
Lair:1:   layout_cave_shapes, chequers_serial_rivers_micro_c,
          serial_bayou_shore_a
Lair:2:   layout_roguey, minmay_shoals_entry_hut,
          nicolae_spider_entry_non_spiders, ebering_ghost_xom, uniq_fannar
Lair:3:   layout_misc_corridors, ice2_lemuel
Lair:4:   layout_roguey, gammafunk_ghost_abyssal_escape, grunt_megastairs_4
Abyss:3:  base: D:9, evilmike_abyss_exit_10, grunt_abyss_rune_wretched_hive,
          hangedman_abyss_monster_moat,
          evilmike_nicolae_abyss_rune_betentacled_crabyss

Skill      XL: |  1  2  3  4  5  6  7  8  9 10 11 12 13 |
---------------+----------------------------------------+-----
Spellcasting   | 3 4 5 6 7 8 |  8.6
Hexes          | 4 5 6 7 8 9 |  9.4
Stealth        | 5 6 7 8 |  8.3
Short Blades   | 2 3 4 6 9 10 12 | 12.0
Dodging        | 4 5 |  5.2
Shields        | 2 3 6 7 |  7.2
Ice Magic      | 2 |  2.0
Conjurations   | 1 2 |  2.0
Throwing       | 1 5 6 |  6.0
Invocations    | 3 |  3.0
Translocations | 4 |  4.0
Armour         | 2 4 5 |  5.0
Transmutations | 4 8 |  8.0
Earth Magic    | 3 4 |  4.0
Fighting       | 2 3 |  3.0
Evocations     | 3 4 |  4.0

Action                   |  1- 3 |  4- 6 |  7- 9 | 10-12 | 13-15 || total
-------------------------+-------+-------+-------+-------+-------++-------
Melee: Dagger            |   111 |   111 |   236 |   946 |   214 ||  1618
       Short sword       |       |       |   166 |     5 |       ||   171
Throw: Boomerang         |       |       |     2 |     2 |     1 ||     5
 Cast: Corona            |    29 |     3 |     5 |       |       ||    37
       Ensorcelled Hiber |    27 |    30 |    35 |    61 |    17 ||   170
       Tukima's Dance    |       |     5 |       |    14 |       ||    19
       Confusing Touch   |       |     1 |     9 |     2 |       ||    12
       Dazzling Flash    |       |     3 |     1 |     3 |       ||     7
       Apportation       |       |       |       |     7 |       ||     7
       Petrify           |       |       |       |    11 |    20 ||    31
       Leda's Liquefacti |       |       |       |       |     1 ||     1
Invok: Ancestor Identity |       |     1 |       |       |       ||     1
       Recall Ancestor   |       |       |    28 |    81 |    16 ||   125
       Ancestor Life: Kn |       |       |     1 |       |       ||     1
 Abil: Evoke Flight      |       |       |       |     1 |     1 ||     2
Evoke: Wand              |       |       |    20 |     2 |     6 ||    28
  Use: Scroll            |     1 |     2 |     7 |    13 |     8 ||    31
       Potion            |       |       |     2 |     3 |     6 ||    11
 Stab: Sleeping          |    17 |    14 |    21 |    59 |     5 ||   116
       Confused          |       |     1 |    10 |     2 |       ||    13
       Invisible         |       |     1 |       |     2 |       ||     3
       Distracted        |       |       |     2 |     5 |     2 ||     9
       Paralysed         |       |       |       |     1 |       ||     1
       Petrified         |       |       |       |     6 |     5 ||    11
       Petrifying        |       |       |       |       |     3 ||     3
  Eat: Ration            |       |     3 |     3 |     6 |     3 ||    15
Armor: Robe              |     9 |    14 |    18 |     3 |       ||    44
       Troll leather arm |       |       |       |    38 |    36 ||    74
       Ice dragon scales |       |       |       |    19 |     2 ||    21
Dodge: Dodged            |    68 |    97 |   202 |   365 |   161 ||   893
Block: Buckler           |       |     1 |    89 |   241 |    78 ||   409

Table legend:
 A = Non-vault XP
 B = Vault XP
 C = Vault XP percentage of total XP
 D = Non-vault monster count
 E = Vault monster count
 F = Vault count percentage of total count
                 A         B        C        D         E       F
            +---------+---------+-------+---------+---------+-------
      Total |   33535 |   13672 |  29.0 |     362 |     122 |  25.2
            +---------+---------+-------+---------+---------+-------
        D:1 |      32 |       8 |  20.0 |      19 |       6 |  24.0
        D:2 |      47 |       0 |   0.0 |      20 |       0 |   0.0
        D:3 |     492 |       0 |   0.0 |      26 |       0 |   0.0
        D:4 |     359 |       0 |   0.0 |      20 |       0 |   0.0
        D:5 |     372 |    1383 |  78.8 |      18 |       7 |  28.0
        D:6 |    1053 |    1149 |  52.2 |      23 |       4 |  14.8
        D:7 |     667 |       1 |   0.1 |      24 |       1 |   4.0
        D:8 |    1426 |     361 |  20.2 |      26 |       1 |   3.7
        D:9 |    4102 |    2395 |  36.9 |      52 |      22 |  29.7
       D:10 |    1344 |       0 |   0.0 |      10 |       0 |   0.0
       D:11 |    7050 |    1168 |  14.2 |      48 |      15 |  23.8
     Lair:1 |    4131 |       0 |   0.0 |      20 |       0 |   0.0
     Lair:2 |    3840 |    1553 |  28.8 |      16 |      10 |  38.5
     Lair:3 |    3982 |    2727 |  40.6 |      18 |      13 |  41.9
     Lair:4 |    3210 |    2465 |  43.4 |      12 |       5 |  29.4
    Abyss:1 |     521 |       0 |   0.0 |       6 |       0 |   0.0
    Abyss:3 |     907 |       0 |   0.0 |       4 |       0 |   0.0
    Ossuary |       0 |     462 | 100.0 |       0 |      38 | 100.0
            +---------+---------+-------+---------+---------+-------
